 Dungeon Crawl Stone Soup version 0.28-a0-10-g964c8b829e (webtiles) character file.

Game seed: 13108173499990167869

68 ezpacito the Skirmisher (level 4, 25/35 HPs)
             Began as a Demonspawn Abyssal Knight on July 25, 2021.
             Was a Follower of Lugonu.
             Quit the game on level 3 of the Dungeon.
             The game lasted 00:02:04 (2544 turns).

ezpacito the Skirmisher (Demonspawn Abyssal Knight) Turns: 2544, Time: 00:02:04

Health: 25/35      AC:  5    Str: 13    XL:     4   Next: 1%
Magic:  6/6        EV: 11    Int: 13    God:    Lugonu [*.....]
Gold:   75         SH:  0    Dex: 13    Spells: 5/5 levels left

rFire   . . .      SeeInvis .   a - +1 hand axe
rCold   . . .      Faith    .   (no shield)
rNeg    . . .      Spirit   .   b - +0 leather armour
rPois   .          Reflect  .   (helmet restricted)
rElec   .          Harm     .   (no cloak)
rCorr   .          Rampage  .   (no gloves)
Will    .....                   (no boots)
Stlth   +.........              (no amulet)
HPRegen 0.11/turn               (no ring)
MPRegen 0.10/turn               (no ring)

@: no status effects
A: antennae 1, slimy green scales 1, ignite blood 1
a: Renounce Religion, Depart the Abyss


You were on level 3 of the Dungeon.
You worshipped Lugonu.
Lugonu was aware of your devotion.
You visited 1 branch of the dungeon, and saw 3 of its levels.
You visited the Abyss 1 time.

You collected 75 gold pieces.

Inventory:

Hand Weapons
 a - a +1 hand axe (weapon)
Missiles
 e - 49 stones (quivered)
Armour
 b - a +0 leather armour (worn)
 k - a +0 helmet
Scrolls
 g - a scroll of teleportation {unknown}
 h - a scroll of identify {unknown}
 j - a scroll of enchant weapon {unknown}
Potions
 c - 2 potions of heal wounds {unknown}
 d - 2 potions of lignification {unknown}
 f - 2 potions of invisibility {unknown}
 i - a potion of cancellation {unknown}


   Skills:
 + Level 3.2 Fighting
 * Level 2.6 Axes
 + Level 2.1 Armour
 + Level 1.4 Dodging
 + Level 1.2 Spellcasting
 + Level 3.0 Invocations


You had 5 spell levels left.
You didn't know any spells.
Your spell library contained the following spells:

 Spells                   Type           Power      Damage    Failure   Level
 Poisonous Vapours        Pois/Air       0%         N/A       47%         2
 Mephitic Cloud           Conj/Pois/Air  0%         N/A       71%         3
 Freezing Cloud           Conj/Ice/Air   0%         6-21      100%        5


Dungeon Overview and Level Annotations

Branches:
Dungeon (3/15)

Altars:

Shops:
D:2 *


Innate Abilities, Weirdness & Mutations

You have a pair of small antennae on your head.
You are partially covered in slimy green scales. (AC +2)
Your demonic aura sometimes causes spilled blood to erupt in flames.


Message History

You hit the kobold. The hobgoblin hits you.
The kobold hits you with a +0 short sword.
You slash the kobold!
You kill the kobold!
Lugonu accepts your kill.
You hit the hobgoblin but do no damage.
The hobgoblin hits you but does no damage.
You hit the hobgoblin.
The hobgoblin is severely wounded.
The hobgoblin hits you but does no damage.
You hit the hobgoblin.
You kill the hobgoblin!
Lugonu accepts your kill.
No target in view!
No target in view!
No target in view!
No target in view!
No target in view!
No target in view!
No target in view!
No target in view!
No target in view!
No target in view!
No target in view!
No target in view!
No target in view!
A hobgoblin comes into view.
A hobgoblin is nearby!
You see here a hobgoblin corpse.
The hobgoblin shouts!
There is a stone staircase leading up here.
You closely miss the hobgoblin. The hobgoblin barely misses you.
You hit the hobgoblin.
You kill the hobgoblin!
Lugonu accepts your kill.
You have reached level 4!
You feel stronger.
Your demonic ancestry asserts itself...
A pair of antennae grows on your head!
Your +0 helmet falls away!
Are you sure you want to abandon this character and quit the game? (Confirm with "yes".)

#. #. ### #.
...
#.###+###.#
#.........#
#.........####
#............#
#.).†.@...#
##.......##
##.....##
......##
#......#
........#
###......#
#......#


There were no monsters in sight!

Vanquished Creatures
  3 adders (D:2)
  2 dart slugs
  A ball python (D:1)
  2 bats
  4 endoplasms
  A giant cockroach (D:2)
  3 goblins
  4 hobgoblins
  2 quokkas
  6 frilled lizards
  6 kobolds
  5 rats
39 creatures vanquished.

Notes
Turn   | Place    | Note
-------+----------+-------------------------------------------
     0 | Abyss:1  | ezpacito the Demonspawn Abyssal Knight began the quest for
                  | the Orb.
     0 | Abyss:1  | Reached XP level 1. HP: 18/18 MP: 2/2
    66 | Abyss:1  | Noticed a flying skull
    74 | Abyss:1  | Noticed a large abomination
    77 | Abyss:1  | Noticed an iron imp
    78 | Abyss:1  | Noticed a wraith
    78 | Abyss:1  | Noticed a small abomination
    81 | Abyss:1  | Noticed an iron imp
    83 | D:1      | Escaped the Abyss
   330 | D:1      | Reached skill level 1 in Dodging
   468 | D:1      | Found a faded altar of an unknown god.
   482 | D:1      | Gained mutation: You are partially covered in slimy green
                  | scales. (AC +2) [demonic ancestry]
   482 | D:1      | Reached XP level 2. HP: 22/24 MP: 3/3
   510 | D:1      | Reached * piety under Lugonu
  1417 | D:2      | Gained mutation: Your demonic aura sometimes causes spilled
                  | blood to erupt in flames. [demonic ancestry]
  1417 | D:2      | Reached XP level 3. HP: 29/29 MP: 5/5
  1644 | D:2      | Reached skill level 1 in Spellcasting
  1967 | D:2      | Found Cunaupur's Assorted Antiques.
  2544 | D:3      | Gained mutation: You have a pair of small antennae on your
                  | head. [demonic ancestry]
  2544 | D:3      | Reached XP level 4. HP: 25/35 MP: 6/6
  2544 | D:3      | Quit the game

Illustrated notes

Levels and vault maps discovered:
D:1:      lemuel_arrival_muddy, layout_basic,
          shapermc_ecumenical_altar_mp_urbaneastern, minmay_tromino_v4_c
D:2:      layout_loops_ring, serial_shops, nicolae_shop_crystal
D:3:      layout_rooms, okawaru_altar_gauntlet_db

Skill      XL: |  1  2  3 |
---------------+----------+-----
Dodging        | 1 |  1.4
Axes           | 2 |  2.6
Armour         | 2 |  2.1
Spellcasting   | 1 |  1.2
Invocations    | 3 |  3.0
Fighting       | |  3.2

Action                   |  1- 3 |  4- 6 || total
-------------------------+-------+-------++-------
Melee: Hand axe          |   139 |       ||   139
Invok: Depart the Abyss  |     1 |       ||     1
Armor: Leather armour    |    49 |       ||    49
Dodge: Dodged            |    76 |       ||    76

Table legend: (Time is in decaauts)
 A = Elapsed time spent in this place.
 B = Non-inter-level travel time spent in this place.
 C = Inter-level travel time spent in this place.
 D = Time resting spent in this place.
 E = Time spent auto-exploring this place.
 F = Levels seen in this place.
 G = Mean time per level.
                   A        B        C        D        E       F      G
               +--------+--------+--------+--------+--------+-----+--------+
         Total |   2569 |   2491 |     78 |    136 |   2036 |   4 |  642.2 |
       Dungeon |   2486 |   2408 |     78 |    136 |   1971 |   3 |  828.7 |
         Abyss |     83 |     83 |      0 |      0 |     65 |   1 |   83.0 |
               +--------+--------+--------+--------+--------+-----+--------+

Top non-repeatable levels by time:
     D:1: 1254 daAuts
     D:2: 1209 daAuts
 Abyss:1: 83 daAuts
     D:3: 23 daAuts
